 Dungeon Crawl Stone Soup version 0.30-a0-728-gc68057be0a (webtiles) character file.

Game seed: 3018631473339949569

332386 Flugkiller the Spry (level 21, -7/164 HPs)
             Began as an Octopode Monk on Jan 31, 2023.
             Was the Champion of the Shining One.
             Killed from afar by an ironbound thunderhulk (49 damage)
             ... with a bolt of lightning
             ... on level 4 of the Vaults.
             The game lasted 01:17:29 (49718 turns).

Flugkiller the Spry (Octopode Monk)                Turns: 49718, Time: 01:17:30

Health: -7/164     AC:  5    Str: 16    XL:     21   Next: 79%
Magic:  37/37      EV: 42    Int: 14    God:    the Shining One [******]
Gold:   4289       SH: 17    Dex: 32    Spells: 20/20 levels left

rFire   + + .      SeeInvis +    b - +4 scimitar (flame)
rCold   + + .      Faith    .    M - +0 kite shield {rC+}
rNeg    + + +      Spirit   .    F - +2 hat {Will+}
rPois   +          Reflect  .    T - amulet of regeneration
rElec   .          Harm     .    m - ring of willpower
rCorr   .          Rampage  .    H - ring "Hixodula" {EV+5 Stlth+}
Will    +++..                    i - ring of see invisible
Stlth   ++                       L - +6 ring of dexterity
HPRegen 1.27/turn                u - +6 ring of dexterity
MPRegen 0.25/turn                p - ring of protection from fire
                                 c - ring of protection from cold
                                 f - ring of protection from fire

@: glowing, studying Stealth
A: almost no armour, amphibious, 8 rings, camouflage 1, gelatinous body 1,
(nimble swimmer 1), tentacles, iridescent scales 1, high MP 1, poison
resistance, strong 1
}: 2/15 runes: barnacled, gossamer
a: Renounce Religion, Divine Shield, Cleansing Flame, Summon Divine Warrior,
Brand Weapon With Holy Wrath


You were on level 4 of the Vaults.
You worshipped the Shining One.
The Shining One was exalted by your worship.
You visited 7 branches of the dungeon, and saw 37 of its levels.
You also visited: Sewer, Bailey and Ice Cave.

You collected 4934 gold pieces.
You spent 645 gold pieces at shops.

Inventory:

Hand Weapons
 a - a +2 great sword of holy wrath
   (You took it off a vault warden on level 1 of the Vaults)
 b - a +4 scimitar of flaming (weapon)
   (You took it off Azrael on level 1 of the Spider Nest)
 X - a +4 scimitar of distortion
   (You subdued it on level 1 of the Elven Halls)
Missiles
 o - 13 throwing nets (quivered)
Armour
 F - a +2 hat of willpower (worn)
   (You found it in a bailey)
 M - a +0 kite shield of cold resistance (worn)
   (You found it in an ice cave)
Jewellery
 c - a ring of protection from cold (on tentacle)
   (You found it on level 1 of the Elven Halls)
 f - a ring of protection from fire (on tentacle)
   (You found it on level 3 of the Elven Halls)
 i - a ring of see invisible (on tentacle)
   (You found it in an ice cave)
 m - a ring of willpower (left tentacle)
   (You found it on level 5 of the Dungeon)
 p - a ring of protection from fire (on tentacle)
   (You found it on level 3 of the Shoals)
 u - a +6 ring of dexterity (on tentacle)
   (You found it on level 12 of the Dungeon)
 H - the ring "Hixodula" (right tentacle) {EV+5 Stlth+}
   (You took it off a deep elf sorcerer on level 3 of the Elven Halls)

   [ring of evasion]

   EV:        It affects your evasion (+5).
   Stlth:     It makes you more stealthy.
 L - a +6 ring of dexterity (on tentacle)
   (You found it on level 2 of the Lair of Beasts)
 O - the ring "Xipy" {Will- MP+9 Str+5 Int+6 SInv}
   (You took it off a deep elf annihilator on level 3 of the Elven Halls)

   [ring of intelligence]

   Str:       It affects your strength (+5).
   Int:       It affects your intelligence (+6).
   MP:        It affects your magic capacity (+9).
   SInv:      It lets you see invisible.
   Will:      It decreases your willpower.
 T - an amulet of regeneration (around mantle)
   (You found it on level 15 of the Dungeon)
 Y - a ring of willpower
   (You found it in an ice cave)
Wands
 s - a wand of light (16)
   (You found it on level 2 of the Spider Nest)
 A - a wand of paralysis (16)
   (You found it on level 8 of the Dungeon)
 K - a wand of polymorph (12)
   (You found it on level 4 of the Lair of Beasts)
 P - a wand of iceblast (18)
   (You found it on level 14 of the Dungeon)
 Z - a wand of digging (15)
   (You found it on level 4 of the Spider Nest)
Scrolls
 e - 2 scrolls of fear
 g - a scroll of butterflies
 k - 10 scrolls of enchant weapon
 l - 9 scrolls of vulnerability
 t - 6 scrolls of teleportation
 v - 8 scrolls of immolation
 z - 5 scrolls of blinking
 D - a scroll of brand weapon
 I - 4 scrolls of enchant armour
 Q - 3 scrolls of silence
 U - 3 scrolls of fog
 W - 5 scrolls of magic mapping
Potions
 d - 7 potions of might
 h - 6 potions of haste
 j - 8 potions of flight
 n - a potion of resistance
 q - 15 potions of curing
 r - 9 potions of magic
 w - a potion of heal wounds
 x - 2 potions of cancellation
 B - 6 potions of mutation
 E - 11 potions of ambrosia
 G - 4 potions of brilliance
 J - 4 potions of attraction
 V - 4 potions of berserk rage
Miscellaneous
 y - a phantom mirror
   (You found it on level 3 of the Elven Halls)
 C - a lightning rod (4/4)
   (You found it on level 3 of the Elven Halls)
 N - a phial of floods
   (You found it on level 13 of the Dungeon)
 R - a box of beasts
   (You found it on level 3 of the Elven Halls)
 S - a tin of tremorstones (1/2)
   (You found it on level 3 of the Elven Halls)


   Skills:
 - Level 20.0 Fighting
 - Level 16.0 Long Blades
 - Level 20.0 Dodging
 - Level 3.0 Stealth
 - Level 15.0 Shields
 - Level 7.0 Unarmed Combat
 + Level 18.4 Invocations
 - Level 8.0 Evocations


You had 20 spell levels left.
You didn't know any spells.
Your spell library contained the following spells:

 Spells                   Type           Power      Damage    Failure   Level
 Apportation              Tloc           0%         N/A       45%         1
 Freeze                   Ice            0%         1d3       45%         1
 Magic Dart               Conj           0%         1d3       45%         1
 Necrotise                Necr           0%         1d4       45%         1
 Sting                    Tmut/Pois      0%         1d3       45%         1
 Summon Small Mammal      Summ           0%         N/A       45%         1
 Cigotuvi's Dreadful Rot  Necr/Pois/Air  0%         N/A       58%         2
 Poisonous Vapours        Pois/Air       0%         N/A       58%         2
 Scorch                   Fire           0%         2d5       58%         2
 Searing Ray              Conj           0%         2d4       58%         2
 Call Canine Familiar     Summ           0%         N/A       83%         3
 Dazzling Flash           Conj/Hex       0%         N/A       83%         3
 Frozen Ramparts          Ice            0%         1d1       83%         3
 Hailstorm                Conj/Ice       0%         3d3       83%         3
 Ignite Poison            Fire/Tmut/Pois 0%         N/A       83%         3
 Inner Flame              Hex/Fire       0%         N/A       83%         3
 Kindle Blastsparks       Fire/Tloc/Air  0%         2d10      83%         3
 Mephitic Cloud           Conj/Pois/Air  0%         N/A       83%         3
 Summon Guardian Golem    Hex/Summ       0%         N/A       83%         3
 Tukima's Dance           Hex            0%         N/A       83%         3
 Anguish                  Hex/Necr       0%         N/A       99%         4
 Cause Fear               Hex            0%         N/A       99%         4
 Flame Wave               Conj/Fire      0%         2d4       99%         4
 Fulminant Prism          Conj/Hex       0%         3d5       99%         4
 Iskenderun's Mystic Bla  Conj/Tloc      0%         2d3       99%         4
 Olgreb's Toxic Radiance  Pois           0%         N/A       99%         4
 Passage of Golubria      Tloc           0%         N/A       99%         4
 Sticky Flame             Conj/Fire      0%         2d3       99%         4
 Alistair's Intoxication  Tmut/Pois      0%         N/A       100%        5
 Borgnjor's Vile Clutch   Necr/Erth      0%         N/A       100%        5
 Fireball                 Conj/Fire      0%         3d3       100%        5
 Freezing Cloud           Conj/Ice/Air   0%         6-21      100%        5
 Iskenderun's Battlesphe  Conj           0%         2d6       100%        5
 Lee's Rapid Deconstruct  Erth           0%         3d4*      100%        5
 Yara's Violent Unravell  Hex/Tmut       0%         3d3       100%        5
 Conjure Ball Lightning   Conj/Air       0%         3x3d6     100%        6
 Eringya's Noxious Bog    Tmut/Pois      0%         N/A       100%        6
 Iron Shot                Conj/Erth      0%         9d1       100%        6
 Simulacrum               Ice/Necr       0%         N/A       100%        6
 Starburst                Conj/Fire      0%         6d3       100%        6
 Summon Cactus Giant      Summ           0%         N/A       100%        6
 Dragon Form              Tmut           0%         N/A       100%        7
 Enfeeble                 Hex            0%         N/A       100%        7
 Orb of Destruction       Conj           0%         9d5       100%        7
 Spellforged Servitor     Conj/Summ      0%         N/A       100%        7
 Dragon's Call            Summ           0%         N/A       100%        9
 Polar Vortex             Ice            0%         N/A       100%        9


Dungeon Overview and Level Annotations

Branches:
Dungeon (15/15) Zot: 24603  Temple (0/1) D:7            Lair (5/5) D:10 Zot: 23146
 Shoals (4/4) Lair:2 Zot: 19476  Spider (4/4) Lair:3 Zot: 18823     Orc (2/2) D:12 Zot: 9277
    Elf (3/3) Orc:2 Zot: 13957  Vaults (4/5) D:13 Zot: 19769   Crypt (0/3) Vaults:2
 Depths (0/4) D:15          Sewer (visited)          Bailey (visited)
  IceCv (visited)
  Slime: Lair:4-5

Altars:
Cheibriados
Dithmenos
Fedhas
Gozag
Hepliaklqana
Kikubaaqudgha
Makhleb
Okawaru
Qazlal
Ru
Trog
Uskayaw
Vehumet
Zin
The Shining One

Shops:
Orc:2 [*![   Elf:2 ?   Elf:3 !:   Shoals:1 (   Vaults:1 =

Portals:
Trove: Vaults:3 (give 11 potions of heal wounds)

Annotations:
D:4 Edmund, Eustachio
D:6 3 runed translucent doors, Notanamesir's ghost, novice GnHu
D:13 3 runed translucent doors, exclusion: hydra
Lair:2 exclusion: 2 oklob plants
Vaults:1 3 runed translucent doors, soark's ghost, adept DECj
Vaults:2 2 runed translucent doors, Fubrub's ghost, veteran GnWr; Plog's ghost, adept AtMo


Innate Abilities, Weirdness & Mutations

You cannot wear most types of armour.
You are amphibious.
You can wear up to eight rings at the same time.
Your skin changes colour to match your surroundings (Stealth+).
Your rubbery body absorbs attacks. (AC +1, EV +1)
((You are camouflaged when in or above water. (Stealth+)))
You have tentacles for arms and can constrict up to eight enemies at once.
You are partially covered in iridescent scales. (AC +2)
You have an increased reservoir of magic. (+10% MP)
Your system is resistant to poisons. (rPois)
Your muscles are strong. (Str +4, Int/Dex -1)


Message History

The ironbound convoker shouts!
You hear a shout!
An ironbound thunderhulk comes into view.
It is wielding a +0 dire flail.
The ironbound convoker casts a spell at the ironbound thunderhulk.
The ironbound thunderhulk seems to grow stronger.
Electricity crackles from the ironbound thunderhulk's apparatus.
The bolt of lightning misses you.
The ironbound convoker begins to recite a word of recall!
Strange energies crackle from the ironbound thunderhulk's apparatus.
The ironbound thunderhulk blinks!
You slash the ironbound convoker! You burn the ironbound convoker!
You grab the ironbound convoker.
You tentacle-slap the ironbound convoker.
The ironbound convoker is heavily wounded.
You constrict the ironbound convoker, but do no damage.
The vault warden is recalled.
The deep troll is recalled.
The orc knight is recalled.
A vault warden comes into view. It is wielding a +0 great sword.
The ironbound convoker misses you.
A deep troll comes into view.
An orc knight comes into view. It is wielding a +2 war axe of venom.
You slice the ironbound convoker!! You burn the ironbound convoker.
You kill the ironbound convoker!
Electricity crackles from the ironbound thunderhulk's apparatus.
The bolt of lightning misses you. You block the vault warden's attack.
You slice the vault warden!! You burn the vault warden.
You grab the vault warden.
The vault warden is moderately wounded.
You constrict the vault warden, but do no damage.
The vault warden closely misses you. You block the orc knight's attack.
You slash the vault warden! You burn the vault warden.
The vault warden is heavily wounded.
You constrict the vault warden. You slice the vault warden!!
You burn the vault warden.
The vault warden is almost dead.
You constrict the vault warden.
Strange energies crackle from the ironbound thunderhulk's apparatus.
The ironbound thunderhulk blinks!
The vault warden activates a sealing rune.
The orc knight completely misses you. You block the deep troll's attack.
The deep troll claws you! You block the deep troll's attack.
You hit the vault warden. You burn the vault warden.
You squeeze the vault warden, but do no damage.
The vault warden is almost dead.
You constrict the vault warden, but do no damage.
Strange energies crackle from the ironbound thunderhulk's apparatus.
The ironbound thunderhulk blinks!
You block the orc knight's attack. The deep troll bites you!
The deep troll completely misses you. You block the deep troll's attack.
The vault warden completely misses you.
You slash the vault warden! You burn the vault warden.
You kill the vault warden!
The runic seals fade away.
The orc knight hits you with a +2 war axe of venom!
The deep troll completely misses you. You block the deep troll's attack.
The deep troll completely misses you.
You barely miss the orc knight. You grab the orc knight.
You constrict the orc knight, but do no damage.
You block the deep troll's attack. x2; The deep troll misses you.
Electricity crackles from the ironbound thunderhulk's apparatus.
The bolt of lightning hits you!! The orc knight closely misses you.
You release your grip on the orc knight.
The orc knight attacks as you move away!
The orc knight completely misses you. You block the deep troll's attack.
The deep troll completely misses you. x2
You slash the deep troll! You burn the deep troll. You squeeze the deep troll!
The deep troll is moderately wounded.
You completely miss the orc knight. You grab the orc knight.
You squeeze the orc knight.
The orc knight is lightly wounded.
You constrict the orc knight, but do no damage.
You block the orc knight's attack. The deep troll completely misses you.
You block the deep troll's attack. The deep troll completely misses you.
You slice the orc knight!! You burn the orc knight!
You squeeze the orc knight, but do no damage.
The orc knight is heavily wounded.
You constrict the orc knight, but do no damage.
You block the deep troll's attack. The deep troll completely misses you.
The deep troll misses you. The orc knight completely misses you.
You hit the orc knight. You burn the orc knight.
The orc knight is heavily wounded.
You constrict the orc knight, but do no damage.
Electricity crackles from the ironbound thunderhulk's apparatus.
The bolt of lightning hits you!!! You block the orc knight's attack.
You block the deep troll's attack. The deep troll claws you.
You block the deep troll's attack.
The tremorstone explodes into fragments!
The burst of rock shards engulfs the ironbound thunderhulk!!
The burst of rock shards engulfs the deep troll!
The burst of rock shards engulfs the orc knight.
The burst of rock shards engulfs the ironbound thunderhulk!! x2
The burst of rock shards engulfs the deep troll!
The burst of rock shards engulfs you!!
* * * LOW HITPOINT WARNING * * *
The burst of rock shards engulfs the orc knight.
You constrict the orc knight, but do no damage.
You hear a shout! x2
You block the orc knight's attack. You block the deep troll's attack.
The deep troll closely misses you. The deep troll completely misses you.
Electricity crackles from the ironbound thunderhulk's apparatus.
The bolt of lightning hits you!!!
You die...

#######+##+###########
.....................#
ยง.........(..........#
.....................#
...?.O)T@............#
......)o.............+
###########+####.....#
#......#.....#
#.....$#.....#
#......#.....#
#......#.....#
#......#.....#
#......#.....#


You could see an ironbound thunderhulk (strong), an orc knight and a deep troll.

Vanquished Creatures
  Boris (twice) (Vaults:2 Vaults:4)
  Jory (Vaults:3)
  Nikola (Elf:3)
  Jorgrun (Shoals:3)
  A titan (Shoals:2)
  3 deep elf blademasters
  A deep elf master archer (Elf:3)
  A kraken (Shoals:4)
  2 sphinxes
  A storm dragon (Vaults:1)
  Kirke (Lair:2)
  A revenant (Vaults:2)
  Donald (Vaults:3)
  7 vault wardens
  3 emperor scorpions
  9 deep elf sorcerers (Elf:3)
  6 deep elf elementalists (Elf:3)
  2 frost giants (Shoals:2)
  A ghost moth (Spider:4)
  3 orc warlords
  7 ironbound preservers
  3 broodmothers
  2 very ugly things (Vaults:1)
  2 stone giants
  4 ironbound thunderhulks
  A war gargoyle (Vaults:3)
  3 deep elf demonologists (Elf:3)
  Azrael (Spider:1)
  8 deep elf annihilators (Elf:3)
  13 dire elephants
  3 spark wasps
  7 deep elf death magi (Elf:3)
  6 merfolk javelineers
  11 entropy weavers
  2 jiangshi (Vaults:2)
  5 deep elf high priests
  2 merfolk impalers (Shoals:4)
  2 fire dragons (D:14)
  Josephine (Lair:3)
  4 great orbs of eyes
  8 yaktaur captains
  8 vault guards
  2 peacekeepers (Vaults:3)
  2 hydras
  4 jorogumos
  A ghost crab (Spider:4)
  A radroach (shapeshifter) (D:15)
  6 two-headed ogres
  13 boulder beetles
  5 merfolk avatars
  A satyr (Shoals:4)
  2 radroaches (Spider:4)
  A catoblepas (D:13)
  5 merfolk aquamancers
  27 dancing weapons
  11 centaur warriors
  4 ironbound frosthearts
  3 orc high priests
  Nergalle (D:11)
  16 deep elf knights
  9 pharaoh ants
  4 sun moths
  14 sea snakes
  3 skeletal warriors (D:15)
  15 deep trolls
  7 orb spiders
  14 deep elf archers
  Pikel (D:9)
  22 harpies
  5 wizards
  5 lindwurms
  7 steelbarb worms
  10 orc knights
  20 deep elf zephyrmancers
  22 deep elf pyromancers
  15 ironbound convokers
  2 human zombies (Vaults:2)
  5 orc sorcerers
  4 necromancers
  9 wolf spiders
  19 manticores
  10 fauns
  15 ugly things
  3 moths of wrath
  14 cyclopes
  4 elephants
  7 merfolk sirens
  10 water nymphs
  A water nymph (shapeshifter) (D:14)
  2 black mambas
  10 vault sentinels
  Joseph (D:10)
  7 torpor snails
  A cane toad (shapeshifter) (D:15)
  4 gargoyles
  15 demonic crawlers
  19 yaktaurs
  3 kobold demonologists
  8 cane toads
  An efreet (D:13)
  3 rime drakes
  8 komodo dragons
  A guardian mummy (Vaults:3)
  8 trolls
  9 wind drakes
  4 tyrant leeches (Spider:4)
  A hornet (D:6)
  22 merfolk
  2 meliai (shapeshifter)
  7 meliai
  19 tarantellas
  9 snapping turtles
  A saltling (Orc:2)
  12 blink frogs
  4 dream sheep (Lair:3)
  19 slime creatures
  18 jumping spiders
  3 spriggans (Lair:2)
  Sigmund (D:6)
  16 culicivoras
  8 wraiths
  3 air elementals
  A shadow (D:9)
  An ettin skeleton (Vaults:2)
  49 yaks
  2 vampires
  14 water elementals
  4 basilisks
  4 hogs (Lair:2)
  20 humans
  4 wyverns
  13 vampire mosquitoes
  Grum (D:9)
  6 fire elementals (Spider:2)
  54 redbacks
  2 steam dragons
  A glowing shapeshifter zombie (Vaults:2)
  4 wargs
  2 wargs (shapeshifter)
  A hell hound (Spider:2)
  26 water moccasins
  27 orc warriors
  A black bear (Lair:2)
  3 ice beasts
  A sky beast (D:8)
  An ettin simulacrum (Vaults:2)
  6 ogres
  5 boggarts (Vaults:2)
  10 wolves
  2 centaurs
  A lemure (D:9)
  7 kobold brigands
  12 bullfrogs
  A gnoll sergeant (D:12)
  4 scorpions
  2 necrophages
  A cane toad simulacrum (IceCv)
  3 earth elementals
  9 wights
  An elephant simulacrum (IceCv)
  5 killer bees (D:9)
  A howler monkey (D:11)
  3 electric eels
  A hound (D:4)
  19 orc priests
  A gnoll bouda (D:5)
  A jelly (D:5)
  Jessica (D:2)
  6 iguanas
  24 orc wizards
  2 polar bear simulacra (IceCv)
  4 hell rats (Lair:4)
  2 wolf simulacra (IceCv)
  15 adders
  8 gnolls
  A river rat (D:5)
  A shadow imp (D:7)
  4 ufetubi
  5 worms
  2 dart slugs
  87 orcs
  14 ball pythons
  5 endoplasms
  8 giant cockroaches
  8 goblins
  4 hobgoblins
  6 quokkas
  4 bats
  7 frilled lizards
  29 kobolds
  8 rats
  A spectral orc (D:7)
  3 tentacles (Shoals:4)
1377 creatures vanquished.

Vanquished Creatures (collateral kills)
  A deep elf blademaster (Elf:3)
  An emperor scorpion (Spider:1)
  A deep elf sorcerer (Elf:3)
  2 very ugly things (Vaults:1)
  2 ironbound preservers (Vaults:2)
  A deep elf annihilator (Elf:3)
  A dire elephant (Vaults:1)
  An entropy weaver (Spider:4)
  A great orb of eyes (Vaults:1)
  A pharaoh ant (Spider:1)
  5 deep trolls (Vaults:2)
  A sun moth (Spider:4)
  3 lindwurms
  2 orb spiders (Spider:1)
  A harpy (Vaults:1)
  An ugly thing (Vaults:1)
  A meliai (Spider:4)
  A tarantella (Spider:1)
  A slime creature (Vaults:1)
  A culicivora (Spider:1)
  2 redbacks
31 creatures vanquished.

Vanquished Creatures (others)
  A war gargoyle (Vaults:3)
  A deep elf pyromancer (Elf:2)
  A wolf spider (Spider:1)
  2 tyrant leeches (Spider:4)
  An orc warrior (Elf:3)
  An orc (Orc:1)
  A kobold (D:8)
  A bush (Lair:5)
  14 fungi
  8 pillars of salt (Orc:2)
  62 plants
  49 tentacles (Shoals:4)
142 creatures vanquished.

Grand Total: 1550 creatures vanquished

Notes
Turn   | Place    | Note
-------+----------+-------------------------------------------
     0 | D:1      | Flugkiller the Octopode Monk began the quest for the Orb.
     0 | D:1      | Reached XP level 1. HP: 16/16 MP: 1/1
   177 | D:1      | Reached XP level 2. HP: 13/21 MP: 2/2
   358 | D:1      | Found a faded altar of an unknown god.
   381 | D:1      | Prayed at the altar of an unknown god.
   381 | D:1      | Became a worshipper of the Shining One
   381 | D:1      | Reached * piety under the Shining One
   381 | D:1      | Reached ** piety under the Shining One
   512 | D:1      | Reached XP level 3. HP: 26/26 MP: 3/3
   673 | D:2      | Found a bloodstained altar of Trog.
   793 | D:2      | Noticed Jessica
   793 | D:2      | Reached *** piety under the Shining One
   799 | D:2      | Killed Jessica
   800 | D:2      | Reached XP level 4. HP: 21/31 MP: 4/4
  1074 | D:3      | Reached XP level 5. HP: 22/37 MP: 5/5
  1189 | D:3      | Identified the +4 sling of Cufug {drain, rF+ Str+4}
  1313 | D:3      | Found a snail-covered altar of Cheibriados.
  1603 | D:2      | Reached skill level 5 in Unarmed Combat
  1682 | D:3      | Reached XP level 6. HP: 14/43 MP: 6/6
  1686 | D:3      | Reached skill level 5 in Dodging
  1926 | D:3      | Found a stormy altar of Qazlal.
  2070 | D:4      | Noticed Eustachio
  2480 | D:4      | Noticed Edmund
  2605 | D:4      | Found a burning altar of Makhleb.
  2749 | D:4      | Reached skill level 5 in Fighting
  2749 | D:4      | Reached XP level 7. HP: 43/50 MP: 7/7
  2812 | D:5      | Entered Level 5 of the Dungeon
  3303 | D:5      | Found a shadowy altar of Dithmenos.
  3375 | D:5      | Found a glowing drain.
  3382 | Sewer    | Entered a sewer
  3432 | Sewer    | Reached **** piety under the Shining One
  3517 | Sewer    | Reached skill level 1 in Invocations
  3525 | Sewer    | Reached XP level 8. HP: 45/55 MP: 7/9
  4093 | D:6      | Noticed Sigmund
  4100 | D:6      | Killed Sigmund
  4120 | D:6      | Found a runed translucent gate.
  4120 | D:6      | Found a runed translucent gate.
  4123 | D:6      | Found a runed translucent gate.
  4123 | D:6      | Noticed Notanamesir's ghost (novice GnHu)
  4323 | D:6      | Noticed a hornet
  4330 | D:6      | Killed a hornet
  4331 | D:6      | Reached XP level 9. HP: 45/64 MP: 11/11
  4547 | D:6      | Found an iron altar of Okawaru.
  5609 | D:6      | Found a glowing golden altar of the Shining One.
  5625 | D:6      | Found an ancient bone altar of Kikubaaqudgha.
  5725 | D:6      | Identified a scroll of acquirement
  6314 | D:7      | Found a blossoming altar of Fedhas.
  6512 | D:7      | Found a staircase to the Ecumenical Temple.
  6615 | D:7      | Found a hide-covered altar of Uskayaw.
  6751 | D:7      | Found a hazy altar of Hepliaklqana.
  7039 | D:8      | Found an opulent altar of Gozag.
  7275 | D:8      | Reached skill level 10 in Dodging
  7503 | D:8      | Reached XP level 10. HP: 54/72 MP: 12/12
  7766 | D:8      | Reached skill level 1 in Evocations
  7981 | D:8      | Noticed a two-headed ogre
  7981 | D:8      | Noticed a gargoyle
  7981 | D:8      | Noticed a purple ugly thing
  8146 | D:8      | Noticed a centaur warrior
  8157 | D:8      | Killed a centaur warrior
  8363 | D:8      | Killed a gargoyle
  8364 | D:8      | Reached skill level 5 in Evocations
  8544 | D:8      | Found a radiant altar of Vehumet.
  8571 | D:8      | Killed a purple ugly thing
  8653 | D:8      | Reached ***** piety under the Shining One
  9060 | D:9      | Found a flagged portal.
  9076 | Bailey   | Entered a bailey
  9166 | Bailey   | Noticed an orc knight
  9213 | Bailey   | Killed an orc knight
  9214 | Bailey   | Reached skill level 5 in Invocations
  9214 | Bailey   | Reached XP level 11. HP: 70/80 MP: 14/14
  9494 | Bailey   | Found a large runed translucent door.
  9494 | Bailey   | Found a large runed translucent door.
  9495 | Bailey   | Noticed a deep elf zephyrmancer
  9548 | Bailey   | Killed a deep elf zephyrmancer
  9675 | D:9      | Noticed Grum
  9797 | D:9      | Killed Grum
  9802 | D:9      | Reached skill level 10 in Fighting
 10159 | D:9      | Noticed Pikel
 10175 | D:9      | Killed Pikel
 10442 | D:9      | Found a glowing silver altar of Zin.
 10825 | D:9      | Gained mutation: Your muscles are strong. (Str +4, Int/Dex
                  | -1) [potion of mutation]
 10825 | D:9      | Gained mutation: You are partially covered in iridescent
                  | scales. (AC +2) [potion of mutation]
 10825 | D:9      | Gained mutation: Your system is resistant to poisons.
                  | (rPois) [potion of mutation]
 10825 | D:9      | Gained mutation: You have an increased reservoir of magic.
                  | (+10% MP) [potion of mutation]
 11052 | D:10     | Entered Level 10 of the Dungeon
 11072 | D:10     | Found a sacrificial altar of Ru.
 11093 | D:10     | Reached skill level 1 in Long Blades
 11285 | D:10     | Noticed a two-headed ogre
 11322 | D:10     | Killed a two-headed ogre
 11494 | D:10     | Reached skill level 5 in Long Blades
 11596 | D:10     | Found a staircase to the Lair.
 11965 | D:10     | Noticed Joseph
 12444 | D:10     | Killed Joseph
 12445 | D:10     | Reached XP level 12. HP: 69/90 MP: 17/17
 12521 | D:11     | Noticed a two-headed ogre
 12614 | D:11     | Noticed a soul eater
 12655 | D:11     | Noticed a two-headed ogre
 13520 | D:11     | Noticed Nergalle
 13529 | D:11     | Killed Nergalle
 13741 | D:11     | Killed a two-headed ogre
 13993 | D:11     | Noticed a two-headed ogre
 14003 | D:11     | Killed a two-headed ogre
 14595 | Lair:1   | Entered Level 1 of the Lair of Beasts
 14609 | Lair:1   | Reached skill level 10 in Long Blades
 14662 | Lair:1   | Found a frozen archway.
 14671 | IceCv    | Entered an ice cave
 16341 | Lair:2   | Found a staircase to the Shoals.
 16348 | Lair:1   | Reached XP level 13. HP: 65/95 MP: 17/19
 17949 | Lair:3   | Noticed Josephine
 18398 | Lair:3   | Killed Josephine
 18407 | Lair:3   | Reached skill level 10 in Invocations
 18670 | Lair:3   | Found a hole to the Spider Nest.
 19549 | Lair:4   | Reached ****** piety under the Shining One
 20755 | Lair:5   | Entered Level 5 of the Lair of Beasts
 20939 | Lair:5   | Reached XP level 14. HP: 28/101 MP: 23/23
 22172 | D:12     | Found a staircase to the Orcish Mines.
 22881 | D:13     | You fall into a shaft and drop 1 floor!
 23621 | D:13     | Found a runed translucent gate.
 23622 | D:13     | Found a runed translucent gate.
 23622 | D:13     | Found a runed translucent gate.
 24046 | D:13     | Found a gate to the Vaults.
 25626 | D:13     | Reached XP level 15. HP: 90/111 MP: 24/24
 26004 | D:15     | Entered Level 15 of the Dungeon
 27176 | D:15     | Found a staircase to the Depths.
 28190 | Orc:1    | Entered Level 1 of the Orcish Mines
 28510 | Orc:2    | Entered Level 2 of the Orcish Mines
 29204 | Orc:2    | Found a staircase to the Elven Halls.
 30107 | Orc:2    | Reached skill level 15 in Long Blades
 30111 | Orc:2    | Found Nayd's Distillery.
 30418 | Orc:2    | Found Xoul's General Store.
 30430 | Orc:2    | Bought a potion of berserk rage for 75 gold pieces
 30445 | Orc:2    | Found Gied's Armour Emporium.
 30477 | Orc:2    | Noticed an orc warlord
 30477 | Orc:2    | Found Rocsoeng's Antique Armour Shop.
 30513 | Orc:2    | Killed an orc warlord
 30926 | Spider:1 | Entered Level 1 of the Spider Nest
 31168 | Spider:1 | Noticed an emperor scorpion
 31550 | Spider:1 | Killed an emperor scorpion
 31846 | Spider:1 | Reached XP level 16. HP: 101/119 MP: 25/25
 31852 | Spider:1 | Reached skill level 15 in Dodging
 32322 | Spider:2 | Noticed Azrael
 32342 | Spider:1 | Killed Azrael
 32922 | Spider:2 | Reached skill level 1 in Shields
 33602 | Spider:3 | Reached skill level 5 in Shields
 34151 | Spider:3 | Reached skill level 15 in Fighting
 34385 | Spider:4 | Entered Level 4 of the Spider Nest
 34412 | Spider:4 | HP: 3/122 [pharaoh ant (19)]
 34418 | Spider:4 | HP: 3/122 [redback (10)]
 34863 | Spider:4 | Reached XP level 17. HP: 89/127 MP: 26/26
 35747 | Spider:4 | Identified the +2 pair of boots of Jeanaal {Regen+ Int-4
                  | Slay+5 Stlth-}
 35749 | Spider:4 | Got a gossamer rune of Zot
 36284 | Shoals:1 | Entered Level 1 of the Shoals
 36284 | Shoals:1 | Noticed Kirke
 36325 | Lair:2   | Killed Kirke
 36542 | Shoals:1 | Found Guficiz's Weapon Shoppe.
 37999 | Shoals:2 | Reached XP level 18. HP: 122/137 MP: 28/28
 38035 | Shoals:2 | Noticed a titan
 38117 | Shoals:2 | Killed a titan
 38429 | Shoals:3 | Noticed Jorgrun
 38439 | Shoals:3 | Killed Jorgrun
 39313 | Shoals:4 | Entered Level 4 of the Shoals
 40139 | Shoals:4 | Got a barnacled rune of Zot
 41068 | Elf:1    | Entered Level 1 of the Elven Halls
 41222 | Elf:1    | Paralysed by an air elemental for 1 turns
 41800 | Elf:2    | Found Vom Aguh's Magic Scroll Shop.
 41859 | Elf:2    | Bought a scroll of blinking for 105 gold pieces
 41859 | Elf:2    | Bought a scroll of blinking for 105 gold pieces
 41869 | Elf:2    | Reached XP level 19. HP: 144/144 MP: 30/32
 42124 | Elf:2    | Found a runed translucent gate.
 42125 | Elf:2    | Found a runed translucent gate.
 42125 | Elf:2    | Found a runed translucent gate.
 42842 | Elf:2    | Reached skill level 15 in Invocations
 43561 | Elf:3    | Entered Level 3 of the Elven Halls
 43562 | Elf:3    | Found Qaipnij's Book Shoppe.
 43562 | Elf:3    | Found Kuicvi's Distillery.
 43576 | Elf:3    | Bought 2 potions of heal wounds for 180 gold pieces
 43576 | Elf:3    | Bought 2 potions of heal wounds for 180 gold pieces
 43613 | Elf:3    | Noticed Nikola
 43637 | Elf:3    | Killed Nikola
 43795 | Elf:3    | Acquired a manual of Shields
 43830 | Elf:3    | Noticed a Brimstone Fiend
 44069 | Elf:3    | HP: 3/146 [deep elf blademaster/+0 rapier (22)]
 44443 | Elf:3    | Reached XP level 20. HP: 153/153 MP: 34/34
 44582 | Elf:3    | Reached skill level 10 in Shields
 44623 | Elf:3    | Noticed a Tzitzimitl
 44890 | Elf:3    | Identified the ring "Hixodula" {EV+5 Stlth+}
 44905 | Elf:3    | Identified the +1 hand axe "Uwkihueh" {drain, rPois rC+
                  | MP-9 Str+2}
 44905 | Elf:3    | Identified the ring "Xipy" {Will- MP+9 Str+5 Int+6 SInv}
 45285 | Vaults:1 | Entered Level 1 of the Vaults
 45285 | Vaults:1 | Found Jiobbeopno's Jewellery Shop.
 46007 | Vaults:1 | Reached skill level 15 in Shields
 46351 | Vaults:1 | Found a runed translucent gate.
 46351 | Vaults:1 | Found a runed translucent gate.
 46351 | Vaults:1 | Found a runed translucent gate.
 46352 | Vaults:1 | Noticed soark's ghost (adept DECj)
 46354 | Vaults:1 | Found an iron altar of Okawaru.
 46628 | Vaults:2 | Found a staircase to the Crypt.
 46869 | Vaults:2 | Noticed Boris
 46889 | Vaults:2 | Killed Boris
 46890 | Vaults:2 | Reached XP level 21. HP: 163/163 MP: 27/35
 47083 | Vaults:2 | Found the +8 orange crystal plate armour {Archmagi, Int+3
                  | Clar}
 47948 | Vaults:2 | Found a large runed translucent door.
 47948 | Vaults:2 | Found a large runed translucent door.
 47948 | Vaults:2 | Noticed Fubrub's ghost (veteran GnWr)
 47948 | Vaults:2 | Noticed Plog's ghost (adept AtMo)
 48290 | Vaults:3 | Noticed Jory
 48306 | Vaults:3 | Killed Jory
 48547 | Vaults:3 | Noticed Donald
 48555 | Vaults:3 | Killed Donald
 49179 | Vaults:3 | Found a portal to a secret trove of treasure.
 49534 | Vaults:4 | Identified the +10 hand axe "Iqaq Amei" {heavy, *Noise
                  | rCorr Str-5 SInv}
 49602 | Vaults:4 | Noticed Boris
 49614 | Vaults:4 | Killed Boris
 49718 | Vaults:4 | Killed from afar by an ironbound thunderhulk

Illustrated notes

Levels and vault maps discovered:
D:1:      sevenhm_arrival_forest_fort_small_5, layout_basic,
          basic_ecumenical_altar
D:2:      layout_rooms, basic_altar, uniq_jessica
D:3:      layout_rooms, lemuel_crystal_altar, grunt_qazlal_clouds, st_stairs_4,
          minmay_tree_intersection, feat_on_display
D:4:      layout_loops_ring, mainiacjoe_overflow_chevrons, minmay_door_square,
          uniq_edmund, uniq_eustachio
D:5:      layout_basic, nicolae_dithmenos_the_darkroom, portal_sewer_entry_e
D:6:      layout_loops_ring, mainiacjoe_overflow_surrounded_room,
          mainiacjoe_overflow_swirl, gammafunk_ghost_split,
          eino_small_chamber_without_monster, nrook_mini_backslash,
          chequers_big_river, uniq_sigmund
D:7:      layout_basic, amcnicky_altar_gilded, mainiacjoe_overflow_alcove_1,
          nicolae_hepliaklqana_monster_ancestors,
          minmay_temple_entry_junction_2, serial_glass, glass_columns_a,
          glass_columns_a, glass_columns_a, glass_columns_a
D:8:      minmay_blocky_corners, layout_gridville, mainiacjoe_overflow_big_doors
D:9:      layout_loops_ring, lemuel_crystal_altar, enter_bailey_2, uniq_pikel,
          uniq_grum
D:10:     layout_long_grid, mainiacjoe_overflow_paths, lair_entry_dummy,
          minmay_misc_feat_five, kennysheep_generic_room_6, uniq_joseph
D:11:     layout_loops_ring, special_room [special_room_orc], evilmike_butchery,
          uniq_nergalle
D:12:     layout_cave_pools, erik_orc_4
D:13:     layout_loops_ring, grunt_vaults_entry_tiered,
          ploomutoo_gammafunk_ghost_potion_laboratory, minivault_21
D:14:     layout_stronghold, nicolae_twisting_strands, kennysheep_four_rooms
D:15:     grunt_enter_depths_hoard, layout_basic, minivault_25_ag
Lair:1:   layout_gridlike, portal_ice_cave_entry_pillars_1,
          cheibrodos_lair_reptile_den
Lair:2:   minmay_lair_oklob_chamber, layout_cellular_growth,
          nicolae_shoals_entry_roost, wad_woods_02
Lair:3:   layout_cave_pods, nicolae_spider_entry_lesser_pyramids,
          grunt_megastairs_1, uniq_josephine
Lair:4:   layout_concentric_octagons
Lair:5:   guppyfry_lair_end_dragon, layout_misc_corridors,
          hangedman_lair_caniforms_friends, dpeg_slime_entry_enclosed,
          lemuel_fruit_tree, infiniplex_staircase_pool_2, serial_bayou_shore_a
Shoals:1: layout_shoals, serial_shops, shop, uniq_kirke
Shoals:2: layout_shoals, st_sunken_temple
Shoals:3: layout_shoals, uniq_jorgrun
Shoals:4: shoals_end_hangedman, layout_shoals
Spider:1: layout_cave_pods
Spider:2: layout_spider_delve, uniq_azrael
Spider:3: cheibrodos_forgotten_conduit
Spider:4: hellmonk_spider_rune_bug_friends, nicolae_spider_swamp_cousins
Orc:1:    layout_caves, basic_altar
Orc:2:    hellmonk_orc_salted, layout_caves
Elf:1:    layout_loops_cross, kennysheep_underground_church, st_stairs_7
Elf:2:    nicolae_elf_blades_crystal_corner, layout_loops_corners, serial_shops,
          nicolae_stop_n_shop_1, lemuel_flamethrower_3
Elf:3:    minmay_elf_hall_four_x, layout_geoelf_octagon, due_unseen_surprise,
          minmay_shoptagon, grunt_megastairs_2, uniq_nikola
Vaults:1: gammafunk_ghost_fury_of_okawaru, vaults_room_grunt_arrival_ludios,
          ontoclasm_vaults_tryst, ontoclasm_vaults_gateway,
          vaults_mumra_minichess_inversion, hangedman_vaults_trim,
          nicolae_vaults_little_squares_4, ontoclasm_vaults_idyll,
          layout_vaults_omnicross, serial_shops, nicolae_shop_crystal
Vaults:2: advil_vaults_ghost_guards, vaults_room_pools,
          grunt_vaults_hallway_long, nicolae_vaults_little_squares_6,
          v_pattern_1, nicolae_vaults_what_the_h, minmay_crypt_entry_simple_box,
          vaults_dpeg_diagonal, nicolae_vaults_holding_cells,
          nicolae_vaults_mini_display_case, ontoclasm_vaults_twist,
          nicolae_vaults_yaktaur_gun_rack, layout_vaults_chaotic_city,
          uniq_boris
Vaults:3: v_misc_28, hangedman_vaults_maws, grunt_vaults_focal, v_misc_13,
          vaults_room_pool, nicolae_vaults_little_ls, vaults_room_hallway,
          layout_vaults_omnigrid, nicolae_trove_entry_path_of_doom, uniq_jory,
          uniq_donald
Vaults:4: st_spiral_rooms, vaults_room_boxed, ontoclasm_vaults_fault,
          vaults_dpeg_encased_lava, nicolae_vaults_stairing_the_circle,
          v_misc_5, v_misc_19, vaults_room_fancy_cross,
          vaults_mumra_chevron_long, nicolae_vaults_border_crossing,
          vaults_room_fours, layout_vaults_ring, uniq_zenata

Skill      XL: |  1  2  3  4  5  6  7  8  9 10 11 12 13 14 15 16 17 18 19 20 21 |
---------------+----------------------------------------------------------------+-----
Stealth        | 3 |  3.0
Dodging        | 4 5 7 10 11 13 14 17 19 20 | 20.0
Fighting       | 4 5 7 9 11 13 14 15 16 17 18 19 20 | 20.0
Unarmed Combat | 4 5 6 7 |  7.0
Invocations    | 2 3 5 6 10 13 15 18 | 18.4
Evocations     | 6 8 |  8.0
Long Blades    | 6 12 14 16 | 16.0
Shields        | 5 9 15 | 15.0

Action                     |  1- 3 |  4- 6 |  7- 9 | 10-12 | 13-15 | 16-18 | 19-21 || total
---------------------------+-------+-------+-------+-------+-------+-------+-------++-------
  Melee: Unarmed           |    52 |   110 |   265 |   418 |       |       |       ||   845
         Constrict         |    11 |    27 |    63 |    86 |   194 |   243 |   224 ||   848
         Tentacles         |     6 |    31 |    94 |   202 |   321 |   478 |   524 ||  1656
         Punch             |     1 |     7 |    19 |    55 |    74 |   130 |   108 ||   394
         Great sword       |       |       |       |   179 |   914 |    49 |       ||  1142
         Scimitar          |       |       |       |       |    10 |  1220 |  1223 ||  2453
  Throw: Dart              |       |       |    33 |   109 |    18 |     4 |     5 ||   169
         Throwing net      |       |       |     1 |       |       |       |       ||     1
 Invoke: Divine Shield     |       |       |       |     2 |     1 |     3 |     1 ||     7
         Summon Divine War |       |       |       |       |     1 |     2 |     3 ||     6
         Cleansing Flame   |       |       |       |       |       |    10 |     5 ||    15
  Evoke: Wand              |       |       |       |    13 |     6 |     8 |     3 ||    30
         Phial of floods   |       |       |       |       |       |       |     2 ||     2
         Tin of tremorston |       |       |       |       |       |       |     4 ||     4
    Use: Scroll            |       |    10 |     6 |    10 |     8 |     8 |     6 ||    48
         Potion            |       |     3 |       |    12 |     4 |     3 |     4 ||    26
   Stab: Sleeping          |     7 |       |       |       |       |       |       ||     7
 Armour: Skin              |     3 |     4 |     9 |    44 |    66 |    62 |    30 ||   218
  Dodge: Dodged            |    34 |    73 |   195 |   511 |  1022 |  1319 |   894 ||  4048
  Block: Other             |       |       |       |     6 |     7 |       |       ||    13
         Kite shield       |       |       |       |       |       |   900 |   775 ||  1675

Table legend: (Time is in decaauts)
 A = Elapsed time spent in this place.
 B = Non-inter-level travel time spent in this place.
 C = Inter-level travel time spent in this place.
 D = Time resting spent in this place.
 E = Time spent auto-exploring this place.
 F = Levels seen in this place.
 G = Mean time per level.
                   A        B        C        D        E       F      G
               +--------+--------+--------+--------+--------+-----+--------+
         Total |  49375 |  46972 |   2403 |  15360 |  19795 |  40 | 1234.4 |
       Dungeon |  20650 |  19634 |   1016 |   7579 |   8013 |  15 | 1376.7 |
          Lair |   6853 |   6488 |    365 |   3005 |   2331 |   5 | 1370.6 |
        Shoals |   4523 |   4336 |    187 |    904 |   2161 |   4 | 1130.8 |
   Spider Nest |   5176 |   4855 |    321 |   1433 |   1737 |   4 | 1294.0 |
  Orcish Mines |   2722 |   2511 |    211 |    916 |   1020 |   2 | 1361.0 |
   Elven Halls |   4042 |   3831 |    211 |    771 |   1885 |   3 | 1347.3 |
        Vaults |   4230 |   4141 |     89 |    360 |   2490 |   4 | 1057.5 |
         Sewer |    216 |    216 |      0 |     33 |     68 |   1 |  216.0 |
        Bailey |    532 |    532 |      0 |     77 |     90 |   1 |  532.0 |
      Ice Cave |    426 |    426 |      0 |    280 |      0 |   1 |  426.0 |
               +--------+--------+--------+--------+--------+-----+--------+

Top non-repeatable levels by time:
    D:14: 2218 daAuts
    D:11: 2102 daAuts
     D:8: 2043 daAuts
    D:10: 2010 daAuts
  Lair:1: 1841 daAuts
     D:6: 1802 daAuts
   Orc:2: 1770 daAuts
    D:15: 1684 daAuts
   Elf:2: 1642 daAuts
Spider:1: 1621 daAuts
  Lair:3: 1595 daAuts
Vaults:2: 1594 daAuts
  Lair:4: 1587 daAuts
     D:9: 1539 daAuts
    D:13: 1532 daAuts
